AoeStats
← Eugenius

Fortress

507139305Analyzed
4v4 RM · 16d ago on Sep 16, 2026· 35m 33s· 8 players
Game mode
Random Map
Map size
Huge
Population
200
Speed
Normal
Resources
Standard
Victory
Conquest
Starting age
Dark Age
Ending age
Imperial Age
RankedLock teamsTeams togetherTeam positionsShared explorationLock speedFull tech treeHidden civsTurbo modeCheats
Victory
Defeat
🇺🇸 Hindustanis · United States
1817
+9
🇨🇭 Japanese · Switzerland
1766
+11
🇲🇽 Dravidians · Mexico
1758
+11
🇨🇳 Khmer · China
1721
+13
🇺🇸 Italians · United States
1729
-14
🇲🇽 Gurjaras · Mexico
1721
-13
🇵🇪 Magyars · Peru
1660
-11
🇺🇸 Malians · United States
1511
-6
脏丶辫
6:50 Feudal Age
10:06 Castle Age
8:25 Double-Bit Axe
8:48 Horse Collar
11:16 Bow Saw
15:35 Heavy Plow
18:53 Gold Mining
19:56 Wheelbarrow
20:20 Loom
24:16 Imperial Age
22:16 Scale Barding Armor
22:21 Forging
23:43 Chain Barding Armor
23:53 Hand Cart
23:28 Town Watch
24:00 Bloodlines
24:15 Husbandry
24:42 Devotion
24:57 Elite Battle Elephant
26:44 Plate Barding Armor
29:46 Iron Casting
31:56 Blast Furnace
31:23 Conscription
31:15 Tusk Swords
32:12 Gold Shaft Mining
31:27 Stone Mining
Frytok
6:51 Feudal Age
10:49 Castle Age
9:08 Double-Bit Axe
9:34 Horse Collar
11:57 Bow Saw
11:41 Fletching
14:29 Loom
15:09 Bodkin Arrow
17:06 Padded Archer Armor
17:42 Bloodlines
18:33 Husbandry
19:20 Ballistics
20:05 Leather Archer Armor
19:45 Gold Mining
25:08 Wheelbarrow
32:41 Heavy Plow
34:21 Coinage
34:22 Hand Cart
34:41 Caravan
VL Mibel
7:12 Feudal Age
11:11 Castle Age
9:05 Horse Collar
9:40 Double-Bit Axe
12:15 Bow Saw
17:29 Fletching
18:02 Heavy Plow
18:05 Loom
18:06 Town Watch
19:08 Wheelbarrow
19:04 Gold Mining
21:01 Bodkin Arrow
24:12 Stone Mining
27:32 Imperial Age
25:23 Padded Archer Armor
25:50 Thumb Ring
28:37 Bracer
29:40 Ballistics
30:26 Chemistry
29:55 Hand Cart
32:36 Medical Corps
32:52 Conscription
34:30 Coinage
34:17 Elite Elephant Archer
35:14 Leather Archer Armor
Dapper Don
7:49 Feudal Age
9:16 Double-Bit Axe
11:39 Castle Age
9:39 Horse Collar
12:34 Bow Saw
12:38 Heavy Plow
16:02 Loom
22:24 Scale Mail Armor
36:43 Imperial Age
35:55 Wheelbarrow
quesarito
4:49 Feudal Age
10:31 Castle Age
8:36 Horse Collar
9:18 Double-Bit Axe
10:04 Fletching
13:55 Bodkin Arrow
14:48 Wheelbarrow
15:20 Ballistics
15:02 Padded Archer Armor
17:12 Leather Archer Armor
20:59 Loom
22:30 Hand Cart
26:43 Imperial Age
24:25 Gold Mining
24:51 Bow Saw
24:44 Heavy Plow
27:08 Stone Mining
27:42 Bracer
28:53 Chemistry
28:25 Ring Archer Armor
28:30 Crop Rotation
28:44 Conscription
29:53 Fortified Wall
30:57 Two-Man Saw
loco_angel
8:01 Feudal Age
7:17 Loom
10:00 Double-Bit Axe
12:18 Castle Age
10:37 Gold Mining
11:59 Scale Barding Armor
13:58 Bow Saw
16:04 Fervor
17:21 Sanctity
20:38 Husbandry
22:42 Redemption
29:29 Imperial Age
28:45 Wheelbarrow
31:00 Conscription
31:27 Forging
31:56 Chain Barding Armor
32:14 Gold Shaft Mining
33:50 Bloodlines
33:30 Horse Collar
33:42 Heavy Camel Rider
Eugenius
8:49 Feudal Age
12:30 Castle Age
10:44 Bloodlines
10:25 Horse Collar
10:38 Double-Bit Axe
11:54 Scale Barding Armor
13:46 Chain Barding Armor
13:36 Corvinian Army
17:33 Husbandry
20:56 Chain Barding Armor
PaLikaRi
8:42 Feudal Age
9:30 Double-Bit Axe
9:28 Horse Collar
12:16 Castle Age
10:23 Gold Mining
11:25 Scale Mail Armor
13:29 Chain Mail Armor
13:54 Bow Saw
19:50 Wheelbarrow
19:50 Forging
23:38 Loom
23:56 Heavy Plow
24:39 Stone Mining
26:17 Town Watch
28:37 Hand Cart
33:30 Imperial Age
37:34 Imperial Age
Connection lost

Rejoining the realm…

Still unreachable

The connection could not be restored.

Session expired

The server has moved on; the page needs a fresh start.